 Seeded DCSS version 0.29.1-12-g30fa7ad0bf (webtiles) character file.

Game seed: 16245865983455551772 (custom seed)

412 rddays123 the Chopper (level 6, -5/52 HPs)
             Began as a Hill Orc Fighter on Jan 19, 2023.
             Slain by Sigmund
             ... wielding a +3 scythe of flaming
              (10 damage)
             ... on level 5 of the Dungeon.
             The game lasted 00:07:07 (2746 turns).

rddays123 the Chopper (Hill Orc Fighter)            Turns: 2746, Time: 00:07:08

Health: -5/52      AC:  9    Str: 24    XL:     6   Next: 90%
Magic:  6/6        EV: 10    Int:  8    God:
Gold:   127        SH:  6    Dex: 20    Spells: 5/5 levels left

rFire   . . .      SeeInvis .   a - +0 war axe
rCold   . . .      Faith    .   c - +0 buckler
rNeg    . . .      Spirit   .   i - +1 scale mail "Ithienix" {rCorr Dex+7 Stlth+}
rPois   .          Reflect  .   (no helmet)
rElec   .          Harm     .   (no cloak)
rCorr   +          Rampage  .   (no gloves)
Will    .....                   f - +0 pair of boots "Esoene" {rCorr Str+3 Dex+3}
Stlth   ++........              (no amulet)
HPRegen 0.17/turn               (no ring)
MPRegen 0.10/turn               (no ring)

@: no status effects
A: no striking features
a: no special abilities


You were on level 5 of the Dungeon.
You visited 1 branch of the dungeon, and saw 5 of its levels.

You collected 803 gold pieces.
You spent 676 gold pieces at shops.

Inventory:

Hand Weapons
 a - a +0 war axe (weapon)
 e - a +0 sling
Armour
 b - a +0 scale mail
 c - a +0 buckler (worn)
 f - the +0 pair of boots "Esoene" (worn) {rCorr Str+3 Dex+3}
   (You acquired it on level 1 of the Dungeon)

   Str:       It affects your strength (+3).
   Dex:       It affects your dexterity (+3).
   rCorr:     It protects you from acid and corrosion.
 i - the +1 scale mail "Ithienix" (worn) {rCorr Dex+7 Stlth+}
   (You acquired it on level 1 of the Dungeon)

   Dex:       It affects your dexterity (+7).
   rCorr:     It protects you from acid and corrosion.
   Stlth:     It makes you more stealthy.
 k - a +0 plate armour of willpower
Jewellery
 n - a ring of ice
Wands
 m - a wand of roots (4)
Scrolls
 j - 2 scrolls of identify
 l - a scroll of noise
Potions
 d - 2 potions of might
 g - a potion of flight
 h - a potion of brilliance {unknown}


   Skills:
 - Level 4.0 Fighting
 + Level 5.6 Axes
 + Level 5.0 Armour
 + Level 1.6 Dodging
 + Level 0.8 Stealth
 + Level 4.8 Shields


You had 5 spell levels left.
You didn't know any spells.
Your spell library contained the following spells:

 Spells                   Type           Power      Damage    Failure   Level
 Sting                    Tmut/Pois      0%         1d3       78%         1
 Poisonous Vapours        Pois/Air       0%         N/A       89%         2
 Olgreb's Toxic Radiance  Pois           0%         N/A       100%        4
 Chain Lightning          Conj/Air       0%         N/A       100%        9
 Fire Storm               Conj/Fire      0%         5d1       100%        9
 Shatter                  Erth           0%         3d5*      100%        9


Dungeon Overview and Level Annotations

Branches:
Dungeon (5/15)
 Temple: D:4-7

Altars:
Dithmenos
Zin

Shops:
D:4 :[

Annotations:
D:5 Sigmund


Message History

The hound is severely wounded.
The hound bites you.
Sigmund mumbles some strange words.
Sigmund flickers and vanishes!
Deactivating autopickup; reactivate with Ctrl-A.
You block the hound's attack.
You barely miss the hound.
The hound is severely wounded.
You block the hound's attack. x2
You slash the hound!
You kill the hound!
You block the hound's attack.
You hit the hound.
The hound is lightly wounded.
You block the hound's attack. The hound bites you but does no damage.
You slash the hound!
You kill the hound!
Your Armour skill increases to level 5!
No target in view!
No target in view!
No target in view!
Something hits you. Something burns you.
Things that are here:
a hound corpse; a hound corpse You miss something.
Something hits you. Something burns you.
You miss something. Something hits you. Something burns you.
You miss something. You hit something but do no damage. Something hits you!
Something burns you.
You barely miss something. Something hits you. Something burns you.
* * * LOW HITPOINT WARNING * * *
You slash something! Something hits you but does no damage.
You closely miss something. Something hits you!
* * * LOW HITPOINT WARNING * * *
Something burns you.
* * * LOW HITPOINT WARNING * * *
You miss something. Something hits you but does no damage.
You closely miss something. Something hits you but does no damage.
You completely miss something. You hit something but do no damage.
Something hits you!
You die...

#... .... .... #..
# #... ##.#
#...###.. #.{..#
#@# #.## ##.# #.#
#.## . #..## .##
#. ##..#....#
###.#####.........
........####.....


There were no monsters in sight!

Vanquished Creatures
  A black bear (D:5)
  An ogre (D:4)
  A centaur (D:5)
  A scorpion (D:5)
  2 hounds (D:5)
  An adder (D:2)
  A white imp (D:5)
  2 ball pythons (D:1)
  A bat (D:1)
  4 endoplasms (D:1)
  3 goblins
  2 hobgoblins
  3 kobolds
  3 quokkas (D:1)
  2 frilled lizards
  2 rats
30 creatures vanquished.

Notes
Turn   | Place    | Note
-------+----------+-------------------------------------------
     0 | D:1      | rddays123 the Hill Orc Fighter began the quest for the Orb.
     0 | D:1      | Reached XP level 1. HP: 19/19 MP: 1/1
    61 | D:1      | Reached XP level 2. HP: 14/27 MP: 2/2
   269 | D:1      | Found a faded altar of an unknown god.
   795 | D:1      | Identified 3 scrolls of acquirement
   795 | D:1      | Acquired 728 gold pieces
   800 | D:1      | Acquired the +1 scale mail "Ithienix" {rCorr Dex+7 Stlth+}
   801 | D:1      | Acquired the +0 pair of boots "Esoene" {rCorr Str+3 Dex+3}
  1201 | D:2      | Reached XP level 3. HP: 15/33 MP: 3/3
  1587 | D:2      | You fall into a shaft and drop 2 floors!
  1596 | D:4      | Found Gamycsypi's Antique Armour Boutique.
  1604 | D:4      | Bought a glowing plate armour for 676 gold pieces
  1617 | D:4      | Noticed an ogre
  1624 | D:4      | Killed an ogre
  1625 | D:4      | Reached skill level 1 in Dodging
  1625 | D:4      | Reached XP level 4. HP: 3/40 MP: 4/4
  1625 | D:4      | Reached XP level 5. HP: 3/46 MP: 5/5
  1952 | D:4      | Found Koenoidu's Book Boutique.
  2082 | D:4      | Found a shadowy altar of Dithmenos.
  2097 | D:5      | Entered Level 5 of the Dungeon
  2116 | D:5      | Noticed a centaur
  2125 | D:5      | Killed a centaur
  2126 | D:5      | Reached XP level 6. HP: 20/52 MP: 6/6
  2508 | D:5      | Noticed a black bear
  2514 | D:5      | Killed a black bear
  2515 | D:5      | Reached skill level 5 in Axes
  2568 | D:5      | Found a glowing silver altar of Zin.
  2728 | D:5      | Noticed Sigmund
  2735 | D:5      | Reached skill level 5 in Armour
  2746 | D:5      | Slain by Sigmund

Illustrated notes

Levels and vault maps discovered:
D:1:      minmay_arrival_hallway, layout_loops_corners, basic_ecumenical_altar,
          minmay_unequal
D:2:      layout_loops_ring, uniq_jessica
D:3:      layout_basic, serial_shops, nicolae_shop_advertising_works
          [nicolae_subvault_shop_adworks], minmay_shallow_snake_nest,
          uniq_natasha
D:4:      layout_rooms, grunt_dithmenos_smoke_and_mirrors,
          makhleb_blood_cavern_becter, slow_altar_1, serial_shops,
          nicolae_square_shop, nicolae_shop_temple_entry_statues_fountains,
          kennysheep_mini_moat, chequers_serial_rivers_large_a,
          minmay_fractal_squares_gapless_5
D:5:      layout_layer_cave, mainiacjoe_overflow_cross_hatched,
          lemuel_temple_firewalk_b, uniq_sigmund

Skill      XL: |  1  2  3  4  5  6 |
---------------+-------------------+-----
Fighting       | 4 |  4.0
Axes           | 3 4 5 |  5.6
Armour         | 4 5 |  5.0
Dodging        | 1 |  1.6
Shields        | 4 |  4.8
Stealth        | |  0.8

Action                   |  1- 3 |  4- 6 || total
-------------------------+-------+-------++-------
Melee: War axe           |    45 |    53 ||    98
  Use: Scroll            |     3 |     2 ||     5
       Potion            |       |     1 ||     1
Armor: Scale mail        |    81 |    29 ||   110
Dodge: Dodged            |    65 |    21 ||    86
Block: Buckler           |    53 |    18 ||    71
